AoeStats
← UgurtheGreat

Arena

505948864Analyzed
2v2 RM · 19d ago on Sep 11, 2026· 46m 49s· 4 players
Game mode
Random Map
Map size
Medium (4 player)
Population
200
Speed
Normal
Resources
Standard
Victory
Conquest
Starting age
Dark Age
Ending age
Imperial Age
RankedLock teamsTeams togetherTeam positionsShared explorationLock speedFull tech treeHidden civsTurbo modeCheats
Victory
Defeat
🇪🇸 Malay · Spain
1059
+16
🇧🇷 Mongols · Brazil
1040
+17
🇮🇹 Teutons · Italy
1064
-17
🇹🇷 Italians · Türkiye
1058
-16
atobar1990
10:36 Feudal Age
13:27 Loom
16:18 Castle Age
15:32 Horse Collar
19:40 Double-Bit Axe
25:05 Gold Mining
25:14 Stone Mining
30:44 Imperial Age
31:06 Wheelbarrow
32:35 Gold Shaft Mining
32:35 Stone Shaft Mining
34:38 Onager
42:38 Forced Levy
42:02 Man-at-Arms
42:52 Long Swordsman
46:11 Hand Cart
MrSoider
9:04 Feudal Age
13:56 Castle Age
12:16 Double-Bit Axe
19:14 Wheelbarrow
18:27 Horse Collar
19:36 Forging
22:04 Bow Saw
23:57 Heavy Plow
23:46 Loom
25:33 Hand Cart
27:55 Imperial Age
25:57 Stone Mining
25:59 Gold Mining
27:14 Husbandry
27:27 Bloodlines
27:17 Murder Holes
27:44 Ballistics
28:17 Capped Ram
31:13 Gold Shaft Mining
30:11 Siege Ram
31:30 Town Watch
31:08 Heavy Scorpion
33:20 Chemistry
32:57 Drill
33:23 Conscription
33:32 Light Cavalry
42:58 Siege Engineers
klaushofer
10:20 Feudal Age
14:17 Castle Age
12:48 Double-Bit Axe
13:00 Loom
23:18 Scale Mail Armor
25:11 Chain Mail Armor
25:57 Gold Mining
26:45 Forging
32:34 Imperial Age
32:21 Bow Saw
33:02 Scale Barding Armor
34:23 Wheelbarrow
34:46 Pikeman
36:35 Squires
42:25 Arson
42:41 Squires
42:28 Gambesons
42:55 Halberdier
45:02 Plate Mail Armor
46:18 Iron Casting
UgurtheGreat
5:52 Loom
11:47 Feudal Age
15:47 Castle Age
14:12 Double-Bit Axe
15:05 Horse Collar
20:15 Town Watch
21:11 Bow Saw
24:56 Wheelbarrow
26:54 Hand Cart
29:58 Imperial Age
28:05 Ballistics
28:03 Squires
28:19 Fletching
28:29 Padded Archer Armor
28:50 Heavy Plow
29:20 Bodkin Arrow
29:47 Thumb Ring
29:54 Scale Mail Armor
30:09 Leather Archer Armor
29:52 Elite Skirmisher
32:16 Chemistry
31:46 Conscription
32:17 Bracer
32:47 Ring Archer Armor
31:52 Elite Genoese Crossbowman
33:08 Arson
35:05 Ring Archer Armor
34:51 Chain Mail Armor
34:46 Forging
41:39 Plate Mail Armor
41:45 Iron Casting
44:55 Blast Furnace
Connection lost

Rejoining the realm…

Still unreachable

The connection could not be restored.

Session expired

The server has moved on; the page needs a fresh start.